Map: Proxima Station LE

Players

Optimus - Winner!

  • Race: Terran Terran
  • Spawn Location: 7:00

Zanster

  • Race: Zerg Zerg
  • Spawn Location: 1:00

Event: WCS Austin 2017

VOD

Have the link to the VOD?

Description

Time

  • Played on: April 28, 2017, 7:36 p.m.
  • Length: 11:25

All games in this series

Show
View Real Time Build Order
Export as new Build Order

Optimus Terran - Winner!

Build Orders: Hellion Opening, Reaper Expand, MMM Bio 

Get SALT Encoding   

  12  0:00  SCV  
  13  0:12  SCV  
  14  0:17  Supply Depot  
  14  0:25  SCV  
  15  0:30  Refinery  
  15  0:39  SCV  
  16  0:45  Barracks  
  16  0:51  SCV  
  17  1:03  SCV  
  18  1:15  SCV  
  19  1:32  Reaper, Orbital Command  
  20  1:45  Command Center  
  20  1:54  Factory  
  20  1:58  SCV  
  21  2:07  Supply Depot  
  21  2:08  Barracks Reactor  
  21  2:11  SCV  
  22  2:16  Refinery  
  22  2:23  SCV  
  23  2:35  SCV  
  24  2:45  Starport  
  24  2:47  SCV  
  24  2:49  Hellion x2  
  29  2:51  Marine  
  29  2:57  Orbital Command  
  30  2:59  SCV  
  31  3:09  Barracks Tech Lab  
  31  3:13  Hellion x2  
  31  3:15  SCV  
  36  3:23  SCV  
  37  3:28  Supply Depot  
  37  3:29  SCV  
  37  3:31  Raven  
  40  3:35  SCV  
  40  3:39  Hellion  
  40  3:40  Hellion  
  45  3:42  SCV  
  46  3:49  SCV  
  46  3:54  Supply Depot, SCV  
  48  4:04  Command Center  
  48  4:05  SCV  
  48  4:09  SCV  
  50  4:19  Factory Reactor  
  50  4:20  SCV  
  50  4:22  SCV  
  50  4:23  Barracks  
  52  4:27  Barracks  
  51  4:33  SCV  
  51  4:35  Marine  
  51  4:37  SCV  
  52  4:44  Refinery, Starport Reactor  
  52  4:45  Engineering Bay, SCV  
  53  4:47  Engineering Bay  
  53  4:49  SCV  
  53  4:50  Stimpack  
  54  4:53  Marine  
  54  4:57  SCV  
  56  5:01  SCV  
  56  5:03  Factory Reactor  
  57  5:11  Barracks x2, Marine  
  57  5:13  Terran Infantry Weapons Level 1  
  59  5:14  Terran Infantry Armor Level 1  
  59  5:18  Orbital Command  
  59  5:19  Marine  
  59  5:22  Marine x2  
  59  5:25  SCV  
  62  5:29  Marine, SCV  
  62  5:30  Medivac  
  62  5:33  Marine  
  62  5:35  Medivac  
  69  5:37  SCV  
  69  5:40  Refinery  
  69  5:42  Marine x3  
  73  5:44  SCV  
  74  5:50  Orbital Command  
  74  5:52  Marine, SCV  
  74  5:54  Factory Reactor, Marine  
  77  5:57  SCV  
  77  5:59  Marine x2  
  77  6:03  Barracks Reactor  
  70  6:04  SCV  
  70  6:09  Marine x2, SCV  
  74  6:12  Marine  
  74  6:14  Marine  
  74  6:15  Marine  
  77  6:20  Supply Depot x2  
  77  6:21  Armory  
  77  6:24  Missile Turret  
  77  6:27  Missile Turret  
  77  6:32  Missile Turret  
  77  6:35  Missile Turret  
  77  6:36  Missile Turret  
  77  6:41  Marine x5, SCV x2  
  77  6:42  SCV  
  77  6:45  Marine x4  
  89  6:48  Medivac x2  
  89  6:50  Combat Shields  
  93  7:02  Supply Depot x2  
  93  7:04  Marine x3, SCV  
  93  7:05  Barracks  
  93  7:06  Barracks  
  93  7:08  Barracks  
  97  7:12  Widow Mine x2  
  101  7:21  Terran Infantry Weapons Level 2  
  101  7:24  Terran Infantry Armor Level 2, SCV x3  
  104  7:30  Marine x5  
  104  7:33  Marine x2  
  111  7:38  Medivac  
  111  7:39  Medivac  
  111  7:41  Supply Depot  
  111  7:43  SCV  
  116  7:46  SCV  
  117  7:56  Marauder  
  117  8:02  Barracks Tech Lab x2  
  117  8:03  Marine x7, SCV  
  125  8:14  Barracks Tech Lab  
  125  8:15  Unknown x2  
  125  8:16  Refinery x2  
  125  8:18  Supply Depot x2  
  125  8:21  Supply Depot  
  125  8:22  Concussive Shells  
  125  8:30  Supply Depot  
  125  8:33  Supply Depot  
  125  8:39  Widow Mine x2  
  125  8:40  Medivac x2, Marine, SCV x2, Marauder x2  
  140  8:41  Marine  
  140  8:42  Marine x4  
  140  8:43  Marauder  
  142  8:51  Marauder  
  142  8:54  Marine  
  144  9:02  Marauder x2  
  144  9:04  Liberator, Marauder, Marine x6  
  144  9:06  Liberator  
  144  9:08  Widow Mine x2  
  151  9:12  Marauder  
  151  9:16  Marine  
  151  9:17  Marine  
  152  9:18  Supply Depot x2  
  152  9:23  Marauder x2  
  163  9:28  Bunker  
  163  9:33  Supply Depot  
  163  9:38  Widow Mine x2  
  159  9:39  Marauder  
  159  9:40  Marauder  
  159  9:44  Marine  
  168  9:54  Liberator, Unknown  
  168  9:57  Marauder  
  170  10:01  Unknown  
  170  10:06  Widow Mine x2  
  170  10:27  Marine  
  170  10:28  Marine  
  159  10:30  Marauder x2, Marine  
  159  10:32  Marine x2  
  159  10:34  Marauder x2  
  159  10:35  Widow Mine x2  
  169  10:36  Marine x3  
  174  10:47  Marine x2  
  174  10:48  Marine  
  150  10:50  Marine x2  
  150  10:51  Marine  
  150  10:53  Marauder  
  150  10:54  Marine x2  
  150  10:55  Marauder  
  162  10:59  Marauder, Marine  
  162  11:05  Marine x2  
  162  11:06  Marine  
  162  11:11  Unknown  
Show
View Real Time Build Order
Export as new Build Order

Zanster Zerg 

Build Orders: Hatch First, Muta Ling Bane 

Get SALT Encoding   

  12  0:00  Drone  
  13  0:13  Overlord  
  13  0:17  Drone  
  14  0:31  Drone x2  
  16  0:35  Drone  
  17  0:53  Hatchery  
  17  0:56  Drone  
  17  0:58  Drone  
  18  1:10  Extractor  
  17  1:14  Spawning Pool  
  17  1:17  Drone  
  17  1:20  Drone  
  18  1:28  Drone  
  19  1:40  Overlord  
  19  2:00  Queen  
  21  2:02  Zergling x4  
  21  2:05  Queen, Zergling x2  
  26  2:10  Metabolic Boost  
  26  2:11  Drone  
  27  2:17  Drone  
  27  2:22  Drone  
  29  2:28  Drone  
  30  2:33  Drone  
  30  2:37  Drone  
  30  2:40  Queen  
  33  2:45  Queen  
  33  2:48  Drone  
  36  2:52  Overlord  
  36  2:57  Overlord  
  36  3:10  Overlord  
  36  3:13  Drone  
  36  3:14  Drone x4  
  36  3:18  Drone  
  36  3:19  Drone  
  43  3:23  Drone  
  44  3:27  Drone  
  44  3:28  Drone  
  44  3:33  Drone  
  47  3:42  Hatchery  
  46  3:51  Lair  
  46  3:55  Baneling Nest  
  45  3:57  Zergling x6  
  45  4:01  Queen  
  50  4:03  Drone  
  50  4:05  Overlord  
  50  4:08  Drone  
  52  4:12  Drone x3  
  52  4:15  Extractor  
  54  4:17  Overlord, Extractor  
  54  4:22  Overlord  
  53  4:24  Drone  
  52  4:41  Drone x5  
  52  4:42  Queen  
  57  4:45  Overlord  
  57  4:46  Extractor  
  57  4:50  Drone  
  57  4:51  Spire  
  56  4:55  Queen  
  56  4:58  Drone  
  59  5:01  Drone x2  
  59  5:02  Drone  
  60  5:07  Drone  
  60  5:08  Drone  
  60  5:09  Drone  
  60  5:12  Overseer  
  62  5:16  Overlord  
  62  5:18  Drone  
  63  5:23  Overlord  
  59  5:32  Drone x5  
  59  5:35  Drone  
  64  5:37  Drone  
  64  5:39  Drone  
  64  5:40  Drone  
  67  5:45  Overlord  
  67  5:48  Drone  
  67  5:49  Drone x2  
  70  5:51  Drone  
  70  5:52  Drone  
  72  6:00  Drone x4  
  72  6:02  Drone  
  75  6:05  Mutalisk x2  
  75  6:08  Centrifical Hooks  
  79  6:14  Zergling x8  
  79  6:16  Zergling x2  
  79  6:17  Baneling  
  79  6:18  Baneling x2  
  84  6:20  Baneling x4  
  84  6:23  Zergling x2  
  84  6:24  Zergling x2  
  86  6:28  Overlord  
  86  6:29  Extractor  
  86  6:32  Mutalisk x3  
  85  6:37  Overlord  
  91  6:40  Mutalisk x2  
  91  6:42  Overlord  
  95  6:47  Evolution Chamber  
  95  6:49  Overlord  
  95  6:50  Evolution Chamber  
  95  6:52  Drone x3  
  96  7:01  Overlord  
  96  7:03  Zerg Flyer Weapons Level 1  
  96  7:04  Drone x2  
  96  7:05  Drone x3  
  96  7:07  Overlord  
  101  7:12  Drone x2  
  101  7:13  Drone x3  
  106  7:16  Extractor  
  106  7:17  Zerg Melee Weapons Level 1  
  106  7:19  Zerg Ground Armor Level 1  
  105  7:28  Zergling x18  
  114  7:31  Overlord  
  114  7:39  Overlord  
  114  7:46  Mutalisk x5  
  114  7:48  Overlord  
  119  8:01  Drone  
  119  8:02  Drone x6  
  119  8:03  Drone  
  119  8:04  Mutalisk x2  
  127  8:08  Overlord  
  127  8:10  Hatchery  
  126  8:19  Overseer  
  126  8:21  Zergling x10  
  126  8:26  Zergling x2  
  126  8:27  Zergling x2  
  133  8:35  Overlord  
  133  8:41  Zergling x18  
  138  8:52  Mutalisk x3  
  140  8:59  Mutalisk  
  140  9:00  Mutalisk  
  131  9:07  Zerg Flyer Armor Level 1  
  131  9:08  Mutalisk  
  131  9:09  Mutalisk  
  132  9:10  Drone  
  132  9:11  Drone x7  
  132  9:25  Drone  
  132  9:28  Zergling x10  
  138  9:34  Zergling x6  
  138  9:42  Baneling x7  
  138  9:46  Zergling x4  
  138  9:47  Zergling x16  
  138  9:51  Overlord, Extractor  
  145  9:54  Mutalisk x2  
  148  10:03  Mutalisk x4  
  148  10:06  Zergling x12  
  160  10:13  Overlord  
  154  10:16  Baneling  
  154  10:20  Zergling x12  
  155  10:21  Hatchery  
  155  10:27  Zergling x2  
  155  10:28  Zergling x6  
  142  10:31  Baneling x10  
  142  10:33  Zergling x12  
  146  10:38  Baneling x7  
  146  10:40  Zergling x8  
  130  10:52  Zergling x2  
  130  10:53  Zergling x6  
  127  10:58  Mutalisk x3  
  132  11:05  Zergling x18  
Tags
 
Add a new tag
Caveats
  • Supply blocks, unpowered buildings, or Contaminate may cause inaccurate times.
  • Supply counts are checked every 10 seconds.